 Dungeon Crawl Stone Soup version 0.30.0-13-g156ef70053 (webtiles) character file.

Game seed: 10534580553209569211

572571 freelancePsychic the Crack Shot (level 25, -35/197 HPs)
             Began as a Minotaur Hunter on May 17, 2023.
             Was the Champion of Hepliaklqana.
             Killed from afar by an ancient lich (113 damage)
             ... with a crystal spear
             ... on level 5 of the Realm of Zot.
             The game lasted 01:53:06 (49906 turns).

freelancePsychic the Crack Shot (Minotaur Hunter)  Turns: 49906, Time: 01:53:06

Health: -35/197    AC: 21    Str: 21 (23) XL:     25   Next: 68%
Magic:  28/28      EV: 45    Int:  1 (3)  God:    Hepliaklqana [******]
Gold:   8145       SH:  0    Dex: 34      Spells: 24/24 levels left

rFire   + + +        b - +3 triple crossbow (drain)
rCold   + + .        (shield currently unavailable)
rNeg    + . .        Z - +4 ring mail "Hoblin Vaor" {rF++ rN+}
rPois   +            A - +2 hat
rElec   +            Y - +2 cloak
rCorr   +            W - +0 pair of gloves "Rylef" {+Inv rC+ rCorr}
SInv    .            X - +2 pair of slick slippers {slick, slippery, EV+4}
Will    +....        I - amulet of regeneration
Stlth   ++++         l - ring "Geymojen" {rElec Str+6}
HPRegen 1.32/turn    U - +6 ring of dexterity
MPRegen 0.21/turn

%: no passive effects
@: resistant, hasted, studying Short Blades, very quick
A: reduced essence, horns 2, retaliatory headbutt, agile 1, dopey 1, frail 1,
low MP 1
}: 3/15 runes: barnacled, abyssal, gossamer
a: Renounce Religion, Evoke Invisibility, Recall Ancestor, Ancestor Identity,
Transference, Idealise


You were on level 5 of the Realm of Zot.
You worshipped Hepliaklqana.
Hepliaklqana was exalted by your worship.
You visited 10 branches of the dungeon, and saw 49 of its levels.
You visited the Abyss 3 times.
You visited 1 ziggurat, and saw 7 of its levels.
You also visited: Sewer, Bailey, Gauntlet and Ice Cave.

You collected 10126 gold pieces.
You spent 1981 gold pieces at shops.

Inventory:

Hand Weapons
 b - a +3 triple crossbow of draining (weapon)
Armour
 A - a +2 hat (worn)
 R - the +11 chain mail of Uskayaw's Esteem {rPois Dex+6}
   (You found it on level 13 of the Dungeon)

   Dex:       It affects your dexterity (+6).
   rPois:     It protects you from poison.
 W - the +0 pair of gloves "Rylef" (worn) {+Inv rC+ rCorr}
   (You found it in a Gauntlet)

   rC:        It protects you from cold.
   +Inv:      It lets you turn invisible.
   rCorr:     It protects you from acid and corrosion.
 X - the +2 pair of slick slippers (worn) {slick, slippery, EV+4}
   (You found it in a Gauntlet)

   Slick:     Its wearer cannot be constricted, engulfed, netted or webbed.
   Slippery:  Its wearer slips away from damaging melee attacks, pulling the
   attacker onward.
   EV:        It affects your evasion (+4).
 Y - a +2 cloak (worn)
 Z - the +4 ring mail "Hoblin Vaor" (worn) {rF++ rN+}
   (You bought it in a shop on level 15 of the Dungeon)

   rF:        It greatly protects you from fire.
   rN:        It protects you from negative energy.
Jewellery
 a - an amulet of guardian spirit
 l - the ring "Geymojen" (left hand) {rElec Str+6}
   (You acquired it in a bailey)

   [ring of strength]

   Str:       It affects your strength (+6).
   rElec:     It insulates you from electricity.
 m - the macabre finger necklace {Finger+ rN+}
   (You found it on level 4 of a ziggurat)

   [amulet of nothing]

   Finger+:   It enables you to equip an extra ring.
   rN:        It protects you from negative energy.
 q - the ring "Mutrifez" {Fire Str+6 Dex+3}
   (You found it in an ice cave)

   [ring of fire]

   It enhances your fire magic.
   Str:       It affects your strength (+6).
   Dex:       It affects your dexterity (+3).
   rF:        It protects you from fire.
   rC:        It makes you vulnerable to cold.
 I - an amulet of regeneration (around neck)
 S - a ring of positive energy
 T - the ring "Qoloycurch" {+Blink rCorr Str+5}
   (You found it on level 3 of the Crypt)

   [ring of resist corrosion]

   Str:       It affects your strength (+5).
   +Blink:    It lets you blink.
   rCorr:     It protects you from acid and corrosion.
 U - a +6 ring of dexterity (right hand)
Wands
 x - a wand of iceblast (51)
 B - a wand of flame (81)
 G - a wand of paralysis (20)
 L - a wand of digging (18)
 M - a wand of polymorph (19)
 N - a wand of mindburst (21)
 P - a wand of quicksilver (15)
Scrolls
 c - 37 scrolls of identify {@r1}
 g - 9 scrolls of fog
 v - 7 scrolls of fear
 y - 5 scrolls of magic mapping
 z - 15 scrolls of teleportation {@r4}
 C - 12 scrolls of amnesia
 D - 2 scrolls of immolation
 E - 8 scrolls of enchant armour
 H - 3 scrolls of blinking
 K - a scroll of silence
 Q - 6 scrolls of poison
Potions
 e - 11 potions of might
 h - 9 potions of brilliance
 i - 8 potions of ambrosia
 j - 8 potions of mutation
 n - 7 potions of haste {@q3}
 o - 11 potions of lignification
 p - 24 potions of curing {@q1}
 r - 5 potions of magic
 t - 7 potions of heal wounds {@q2}
 u - 10 potions of flight
 w - 10 potions of attraction
 F - 3 potions of resistance
Miscellaneous
 f - a tin of tremorstones (2/2)
 s - a box of beasts (inert)
 J - a phial of floods
 O - a lightning rod (4/4)


   Skills:
 + Level 24.6 Fighting
 - Level 26.0 Ranged Weapons
 - Level 13.0 Armour
 + Level 25.2 Dodging
 - Level 8.0 Stealth
 * Level 13.1 Invocations
 - Level 19.3 Evocations


You had 24 spell levels left.
You didn't know any spells.
Your spell library contained the following spells:

 Spells                   Type           Power      Damage    Failure   Level
 Apportation              Tloc           0%         N/A       71%         1
 Foxfire                  Conj/Fire      0%         2x1d4     71%         1
 Kiss of Death            Conj/Necr      0%         2d5       71%         1
 Magic Dart               Conj           0%         1d3       71%         1
 Necrotise                Necr           0%         1d4       71%         1
 Sandblast                Erth           0%         2d4       71%         1
 Shock                    Conj/Air       0%         1d3       71%         1
 Sting                    Tmut/Pois      0%         1d3       71%         1
 Summon Small Mammal      Summ           0%         N/A       71%         1
 Blink                    Tloc           0%         N/A       83%         2
 Call Imp                 Summ           0%         N/A       83%         2
 Ensorcelled Hibernation  Hex/Ice        0%         N/A       83%         2
 Lesser Beckoning         Tloc           0%         N/A       83%         2
 Momentum Strike          Conj/Tloc      0%         3d8       83%         2
 Passwall                 Tmut/Erth      0%         N/A       83%         2
 Poisonous Vapours        Pois/Air       0%         N/A       83%         2
 Scorch                   Fire           0%         2d5       83%         2
 Call Canine Familiar     Summ           0%         N/A       97%         3
 Confusing Touch          Hex            0%         N/A       97%         3
 Dazzling Flash           Conj/Hex       0%         N/A       97%         3
 Gell's Gravitas          Tloc           0%         N/A       97%         3
 Inner Flame              Hex/Fire       0%         N/A       97%         3
 Mephitic Cloud           Conj/Pois/Air  0%         N/A       97%         3
 Ozocubu's Armour         Ice            0%         N/A       97%         3
 Portal Projectile        Hex/Tloc       0%         N/A       97%         3
 Stone Arrow              Conj/Erth      0%         3d7       97%         3
 Summon Guardian Golem    Hex/Summ       0%         N/A       97%         3
 Swiftness                Air            0%         N/A       97%         3
 Teleport Other           Tloc           0%         N/A       97%         3
 Vampiric Draining        Necr           0%         2d6       97%         3
 Volatile Blastmotes      Fire/Tloc      0%         2d10      97%         3
 Animate Armour           Summ/Erth      0%         N/A       100%        4
 Animate Dead             Necr           0%         N/A       100%        4
 Dispel Undead            Necr           0%         3d6       100%        4
 Flame Wave               Conj/Fire      0%         2d4       100%        4
 Iskenderun's Mystic Bla  Conj/Tloc      0%         2d3       100%        4
 Leda's Liquefaction      Hex/Erth       0%         N/A       100%        4
 Olgreb's Toxic Radiance  Pois           0%         N/A       100%        4
 Passage of Golubria      Tloc           0%         N/A       100%        4
 Sticky Flame             Conj/Fire      0%         2d3       100%        4
 Summon Lightning Spire   Summ/Air       0%         N/A       100%        4
 Agony                    Necr           0%         N/A       100%        5
 Alistair's Intoxication  Tmut/Pois      0%         N/A       100%        5
 Arcjolt                  Conj/Air       0%         1d10      100%        5
 Blade Hands              Tmut           0%         N/A       100%        5
 Borgnjor's Vile Clutch   Necr/Erth      0%         N/A       100%        5
 Fireball                 Conj/Fire      0%         3d3       100%        5
 Freezing Cloud           Conj/Ice/Air   0%         6-21      100%        5
 Irradiate                Conj/Tmut      0%         3d11      100%        5
 Lee's Rapid Deconstruct  Erth           0%         3d4*      100%        5
 Silence                  Hex/Air        0%         N/A       100%        5
 Summon Forest            Summ/Tloc      0%         N/A       100%        5
 Yara's Violent Unravell  Hex/Tmut       0%         3d3       100%        5
 Conjure Ball Lightning   Conj/Air       0%         3x3d6     100%        6
 Dispersal                Tloc           0%         N/A       100%        6
 Eringya's Noxious Bog    Tmut/Pois      0%         N/A       100%        6
 Simulacrum               Ice/Necr       0%         N/A       100%        6
 Starburst                Conj/Fire      0%         6d3       100%        6
 Statue Form              Tmut/Erth      0%         N/A       100%        6
 Summon Cactus Giant      Summ           0%         N/A       100%        6
 Dragon Form              Tmut           0%         N/A       100%        7
 Enfeeble                 Hex            0%         N/A       100%        7
 Haunt                    Necr/Summ      0%         N/A       100%        7
 Ozocubu's Refrigeration  Ice            0%         4d7       100%        7
 Infestation              Necr           0%         N/A       100%        8
 Lehudib's Crystal Spear  Conj/Erth      0%         10d2      100%        8
 Chain Lightning          Conj/Air       0%         N/A       100%        9
 Fire Storm               Conj/Fire      0%         5d1       100%        9
 Shatter                  Erth           0%         3d5*      100%        9


Dungeon Overview and Level Annotations

Branches:
Dungeon (15/15)            Temple (0/1) D:5            Lair (5/5) D:8
 Shoals (4/4) Lair:3       Spider (4/4) Lair:2        Slime (0/5) Lair:4
    Orc (2/2) D:10            Elf (3/3) Orc:2        Vaults (4/5) D:13
  Crypt (3/3) Vaults:3       Tomb (0/3) Crypt:3      Depths (4/4) D:15
    Zot (5/5) Depths:4      Sewer (visited)          Bailey (visited)
  IceCv (visited)         Gauntlet (visited)

Altars:
Ashenzari
Fedhas
Gozag
Hepliaklqana
Kikubaaqudgha
Okawaru
Ru
Sif Muna
Vehumet
Wu Jian
Xom
Yredelemnul
Zin
Jiyva
Lugonu

Shops:
D:13 *   D:15 [   Orc:2 ==*(   Shoals:3 =[!   Vaults:2 (   Vaults:3 (
Vaults:4 *   Depths:1 :==

Portals:
Hell: Depths:1 Depths:2 Depths:3 Depths:4
Abyss: Shoals:1 Depths:3
Pandemonium: Depths:2 Depths:4
Trove: Vaults:3 (give 5 scrolls of blinking)

Annotations:
D:12 2 runed translucent doors
Spider:1 1 runed translucent door
Elf:1 Roxanne
Elf:2 3 runed translucent doors
Vaults:2 3 runed translucent doors, Pail's ghost, adept VSVM
Depths:2 3 runed translucent doors, Strat's ghost, adept MiMo
Depths:3 Mennas


Innate Abilities, Weirdness & Mutations

Your life essence is reduced to manifest your ancestor. (-10% HP)
You have a pair of horns on your head.
You reflexively headbutt those who attack you in melee.
You are agile. (Dex +4, Str/Int -1)
You are dopey. (Int -2)
You are frail. (-10% HP)
Your magical capacity is low. (-10% MP)


Message History

Fire: b) +3 triple crossbow (drain)
Press: ? - help, Shift-Dir - straight line, f/p - orb of fire
Aim: an orb of fire (black smoke, moderately damaged, 64% to hit)
You shoot a bolt. The bolt barely misses the orb of fire.
Fire: b) +3 triple crossbow (drain)
Press: ? - help, Shift-Dir - straight line, f/p - orb of fire
Aim: an orb of fire (black smoke, moderately damaged, 64% to hit)
You shoot a bolt. The bolt hits the orb of fire!!
The orb of fire is heavily damaged.
Something closely misses you.
The orb of fire glows bright magenta.
The bolt of fire misses you.
The bolt of fire hits your tentacled monstrosity!!!
Your tentacled monstrosity resists.
Something touches you!
You slip backwards!
Your tentacled monstrosity closely misses something.
Your tentacled monstrosity tentacle-slaps something but does no damage. x2
Your tentacled monstrosity grabs something.
Your tentacled monstrosity constricts something.
Fire: b) +3 triple crossbow (drain)
Press: ? - help, Shift-Dir - straight line, f/p - orb of fire
Aim: an orb of fire (black smoke, heavily damaged, ally target, 64% to hit)
You shoot a bolt. The bolt hits the orb of fire!!!!
You destroy the orb of fire!
Something completely misses you.
You feel your strength returning.
As you read the scroll of summoning, it crumbles to dust.
Wisps of shadow whirl around you...
Your tentacled monstrosity misses the orb of fire.
Your tentacled monstrosity closely misses the orb of fire.
Your tentacled monstrosity barely misses the orb of fire.
Your tentacled monstrosity constricts something.
The orb of fire emits a lurid red light.
Strange energies course through your body.
You feel stupid.
You hear some strange, mumbled words.
A crystal spear appears from out of thin air!
The crystal spear hits you!!!!
Ouch! That really hurt!
You die...

,,,,,,,,..........z..▓▓
,,,,,,,,......9......^▓▓
,,,,^,,,.............^.▓
,,,,,,,,...............▓
,,,,,,,,....^.§§.....^▓*
**,,,,,,......§§§§§.^▓*
****,,,......§§§§y.▓*
#▓▓▓▓▓▓▓▓▓▓▓##§9{*§▓▓
#..^.[.....^..§§@Xy.##
...##.....)...§§y§§.^##
.###.......).....§§...##
###....)...^...........#
# #........(..^^.......#
#........^...........#
#....................#
#...........^........#
#....................#


You could see an orb of fire (ally target), an electric golem, a friendly
tentacled monstrosity (summoned), a friendly ghost moth (summoned, invisible)
and 2 friendly moths of wrath.

Vanquished Creatures
  A dread lich (Crypt:3)
  4 orbs of fire
  A juggernaut (Depths:4)
  3 Killer Klowns
  A curse toe (Zot:3)
  Frederick (Vaults:2)
  A caustic shrike (Zig:3)
  A golden dragon (Zot:2)
  Saint Roka (Crypt:1)
  Nikola (Elf:3)
  2 doom hounds
  4 bone dragons
  Arachne (Spider:2)
  A Tzitzimitl (Zot:2)
  A Brimstone Fiend (Zig:7)
  3 electric golems
  A pandemonium lord (Zig:7)
  Zenata (Vaults:1)
  Jorgrun (D:14)
  3 liches
  7 tentacled monstrosities
  A deep elf master archer (Elf:3)
  3 deep elf blademasters (Elf:3)
  11 Orb Guardians (Zot:5)
  A quicksilver dragon (Zot:2)
  4 sphinxes
  Agnes (Spider:2)
  5 ancient champions
  7 tentacled starspawn
  4 storm dragons
  A tengu reaver (Vaults:2)
  3 shadow dragons
  8 death cobs
  3 frost giants
  3 draconian knights
  6 draconian scorchers
  4 fire giants
  An iron dragon (Depths:3)
  3 deep elf sorcerers
  A quicksilver elemental (Zig:3)
  3 emperor scorpions
  4 ghost moths
  2 balrugs
  4 draconian shifters
  10 vault wardens
  A caustic shrike zombie (Crypt:3)
  3 draconian stormcallers
  A juggernaut skeleton (Crypt:3)
  A curse skull (Crypt:1)
  5 orc warlords
  6 draconian annihilators
  6 deep elf elementalists (Elf:3)
  4 caustic shrike skeletons (Crypt:3)
  5 ghouls
  17 ironbound preservers
  2 broodmothers
  7 ironbound thunderhulks
  4 vampire knights
  A war gargoyle (Vaults:3)
  4 stone giants
  11 very ugly things
  3 green draconians
  7 black draconians
  2 putrid mouths (Zot:2)
  8 deep elf annihilators
  Azrael (D:13)
  3 deep elf demonologists (Elf:3)
  7 purple draconians
  6 red draconians
  7 white draconians
  9 yellow draconians
  8 spark wasps
  3 minotaurs
  10 dire elephants
  A blizzard demon (Zig:7)
  4 fire dragons
  An eidolon (Crypt:2)
  5 ettins
  3 deep elf death magi
  7 jiangshi
  A merfolk javelineer (Shoals:3)
  2 merfolk impalers (Shoals:1)
  6 deep elf high priests (Elf:3)
  4 great orbs of eyes
  6 entropy weavers
  6 yaktaur captains
  A rakshasa (Depths:1)
  2 ice dragons (Depths:1)
  8 spriggan air magi
  4 hydras
  9 vault guards
  4 radroaches
  2 ogre magi
  3 merfolk avatars
  8 ironbound frosthearts
  9 boulder beetles
  A peacekeeper (Vaults:2)
  6 jorogumos
  An alligator snapping turtle (shapeshifter) (Zig:6)
  8 centaur warriors
  5 death knights
  4 merfolk aquamancers
  3 two-headed ogres
  3 deep troll earth magi
  12 deep troll shamans
  6 satyrs
  7 tengu warriors
  7 death scarabs (Spider:4)
  An alligator snapping turtle (Shoals:3)
  8 vampire magi
  3 spriggan berserkers (Depths:4)
  13 dancing weapons
  10 thrashing horrors
  23 death yaks
  An orc high priest (Orc:2)
  6 soul eaters (Crypt:1)
  3 sun demons
  A spriggan (Depths:4)
  A shock serpent (shapeshifter) (Abyss:5)
  3 wretched stars (Abyss:3)
  9 hell knights
  9 deep elf knights
  9 iron trolls
  18 skeletal warriors
  A golden dragon zombie (Depths:2)
  A storm dragon skeleton (Depths:2)
  3 titan skeletons (Crypt:3)
  2 skysharks
  5 sea snakes
  59 deep trolls
  A shadow wraith (Crypt:3)
  A spatial maelstrom (Abyss:3)
  A sun moth (Spider:2)
  An orb spider (shapeshifter) (Zig:6)
  8 pharaoh ants
  A spriggan simulacrum (Crypt:3)
  5 orb spiders
  2 glowing orange brains
  3 flayed ghosts
  9 large abominations
  A tengu zombie (Vaults:4)
  2 obsidian statues (Zig:3)
  8 lindwurms
  A death drake (Gauntlet)
  A bog body (Crypt:3)
  9 deep elf archers
  8 steelbarb worms
  2 orange crystal statues
  9 wizards
  A fire giant zombie (Vaults:4)
  16 ironbound convokers
  12 orc knights
  25 harpies
  19 wolf spiders
  A mana viper (Abyss:3)
  10 starcursed masses
  2 anaconda skeletons (Crypt:3)
  A broodmother zombie (Crypt:2)
  5 necromancers
  A tengu skeleton (Vaults:4)
  7 phantasmal warriors
  21 deep elf pyromancers
  27 deep elf zephyrmancers
  9 orc sorcerers
  2 spectral wolf spiders (Spider:4)
  8 fauns
  2 shining eyes (Abyss:5)
  5 cyclopes
  25 ugly things
  A stone giant zombie (Vaults:2)
  15 manticores
  A worldbinder (Abyss:5)
  6 merfolk sirens
  An elephant (shapeshifter) (Vaults:2)
  An ice statue (Zig:3)
  13 moths of wrath
  3 black mambas
  A naga zombie (Crypt:2)
  8 demonic crawlers
  A centaur zombie (Gauntlet)
  5 elephants
  2 torpor snails (shapeshifter) (Depths:4)
  4 water nymphs
  11 vault sentinels
  2 apocalypse crabs
  2 orange demons
  14 cane toads
  3 molten gargoyles (D:13)
  2 naga skeletons (Crypt:3)
  A torpor snail (Spider:3)
  A dire elephant skeleton (Crypt:3)
  2 gargoyles
  2 death yak zombies (Crypt:2)
  A pale draconian zombie (Crypt:1)
  4 smoke demons
  15 yaktaurs
  2 efreet (Abyss:5)
  A rime drake (Lair:5)
  An ice devil (Abyss:3)
  5 spectral redbacks
  An unseen horror (D:11)
  4 tormentors
  An anaconda simulacrum (Shoals:1)
  2 redback zombies (Spider:4)
  9 komodo dragons
  3 tengu conjurers
  2 ancient zymes (Abyss:5)
  3 freezing wraiths
  2 harpy zombies (Abyss:3)
  A golden dragon simulacrum (IceCv)
  A grey draconian skeleton (Crypt:2)
  A human skeleton (Vaults:4)
  8 trolls
  3 meliai (Spider:4)
  21 merfolk
  3 spectral tarantellas (Spider:4)
  7 polar bears
  23 tarantellas
  3 hornets
  An iron troll skeleton (Crypt:1)
  A spectral jumping spider (Spider:4)
  3 wind drakes
  A harpy skeleton (Crypt:3)
  6 blink frogs
  7 raiju
  An ettin zombie (Vaults:2)
  A jumping spider zombie (Crypt:1)
  A knight (Vaults:4)
  A draconian simulacrum (Crypt:3)
  8 dream sheep
  18 jumping spiders
  8 snapping turtles
  13 culicivoras
  2 black mamba zombies
  A fire dragon skeleton (Crypt:2)
  A spriggan (shapeshifter) (D:15)
  13 flying skulls
  A dire elephant simulacrum (IceCv)
  14 slime creatures
  8 wraiths
  Sigmund (D:5)
  3 ynoxinuls (Abyss:3)
  3 air elementals
  3 fire elementals
  7 wyverns
  An ettin skeleton (Crypt:3)
  46 yaks
  18 shadows
  16 water elementals
  5 fire bats
  2 humans (D:13)
  2 basilisks
  52 redbacks
  2 vampire mosquitoes (D:12)
  2 neqoxecs
  A black mamba skeleton (Crypt:3)
  A golden eye (Abyss:5)
  6 chaos spawn
  3 steam dragons
  An elf skeleton (Vaults:2)
  A minotaur simulacrum (Shoals:1)
  3 spatial vortices
  A two-headed ogre zombie (Crypt:1)
  A fire bat zombie (Crypt:2)
  11 wargs
  2 harpy simulacra (IceCv)
  A water moccasin (shapeshifter) (Depths:3)
  A demonspawn skeleton (Crypt:3)
  12 water moccasins
  Pargi (Sewer)
  5 hell hounds
  2 ice beasts
  24 orc warriors
  2 black bears
  3 alligator simulacra (Shoals:1)
  6 ogres
  A snapping turtle zombie (Crypt:2)
  5 small abominations
  A blink frog skeleton (Crypt:2)
  10 centaurs
  A hog zombie (Crypt:3)
  4 wolves (Lair:5)
  A phantom (D:7)
  10 bullfrogs
  2 kobold brigands (D:6)
  2 necrophages (Crypt:3)
  A gnoll sergeant (D:11)
  An earth elemental (Elf:1)
  A scorpion (D:5)
  A naga simulacrum (Crypt:3)
  A shapeshifter zombie (Crypt:1)
  23 wights
  9 killer bees
  A lindwurm simulacrum (IceCv)
  2 spriggan skeletons
  3 electric eels (Lair:3)
  4 howler monkeys
  3 crimson imps (Gauntlet)
  4 jellies
  A sleepcap (D:4)
  11 orc priests
  An iron imp (Abyss:3)
  3 iguanas
  30 orc wizards
  An ogre zombie (D:10)
  16 gnolls
  4 river rats (D:5)
  7 adders
  A swamp drake skeleton (Crypt:3)
  2 shadow imps (Gauntlet)
  5 white imps
  3 ufetubi
  An adder skeleton (Crypt:3)
  2 worms
  2 dart slugs
  110 orcs
  2 bats
  A bat zombie (Crypt:1)
  9 endoplasms
  5 giant cockroaches
  19 goblins
  15 hobgoblins
  20 kobolds
  2 quokkas
  5 ball pythons
  6 frilled lizards
  A goblin skeleton (D:10)
  2 goblin zombies (D:10)
  2 hobgoblin skeletons (D:10)
  A hobgoblin zombie (D:10)
  An orc skeleton (D:10)
  12 orc zombies (D:10)
  A rat (D:5)
  5 starspawn tentacles
1895 creatures vanquished.

Vanquished Creatures (collateral kills)
  An ancient lich (Crypt:3)
  Mara (Vaults:2)
  A juggernaut (Depths:4)
  The ghost of Kabe the Fencer, a veteran BaIE of Cheibriados (Depths:1)
  Bai Suzhen (Vaults:2)
  A Killer Klown (Zot:5)
  A tentacled monstrosity (Zot:5)
  2 Orb Guardians (Zot:5)
  Asterion (Spider:2)
  A quicksilver dragon (shapeshifter) (Zig:6)
  Grunn (Zot:3)
  A deep elf master archer (Elf:3)
  An ancient champion (Crypt:3)
  A storm dragon (Zot:3)
  A sphinx (Depths:3)
  A shadow dragon (Zot:3)
  A tengu reaver (Depths:2)
  Aizul (Spider:1)
  3 vault wardens
  Louise (Spider:4)
  2 deep elf sorcerers (Elf:3)
  3 draconian shifters
  2 frost giants
  A ghost moth (Spider:4)
  An emperor scorpion (Spider:4)
  A draconian stormcaller (Zot:4)
  5 ironbound preservers
  2 juggernaut zombies
  A curse skull (Crypt:1)
  A ghoul (Crypt:3)
  A reaper (Zot:2)
  A very ugly thing (Depths:2)
  2 ironbound thunderhulks
  2 caustic shrike skeletons (Crypt:3)
  3 green draconians
  4 stone giants
  A draconian annihilator (Zot:1)
  A vampire knight (Crypt:1)
  A black draconian (Zot:5)
  A white draconian (Zot:4)
  2 spark wasps
  4 purple draconians
  4 dire elephants (Vaults:2)
  A deep elf annihilator (Elf:3)
  A yellow draconian (Zot:3)
  2 eidola
  A deep elf death mage (Zig:2)
  A merfolk impaler (Shoals:3)
  2 quicksilver dragon zombies
  2 fire dragons
  A green death (Zig:7)
  2 vault guards
  2 yaktaur captains
  An entropy weaver (Spider:2)
  A great orb of eyes (Vaults:1)
  8 ice dragons
  Erolcha (D:9)
  2 rakshasas
  3 ironbound frosthearts
  2 quicksilver dragon skeletons (Crypt:3)
  7 centaur warriors
  A hydra (Lair:2)
  An alligator snapping turtle (Shoals:2)
  3 satyrs
  3 spriggan air magi
  2 dancing weapons
  2 deep troll shamans
  A merfolk aquamancer (Shoals:1)
  3 two-headed ogres
  A death yak (Lair:5)
  A death scarab (Spider:4)
  4 vampire magi
  A deep troll earth mage (Depths:3)
  2 spriggan berserkers (Depths:2)
  2 orc high priests (Elf:3)
  2 soul eaters (Crypt:1)
  A deep elf knight (Elf:3)
  A hell knight (Depths:1)
  A skyshark (Shoals:1)
  A titan skeleton (Crypt:3)
  A wretched star (Shoals:1)
  A sun moth (Zig:4)
  6 skeletal warriors
  An orb spider (Spider:1)
  12 deep trolls
  An iron giant zombie (Crypt:3)
  2 flayed ghosts
  A glowing orange brain (shapeshifter) (Abyss:5)
  4 deep elf archers
  A bunyip skeleton (Crypt:3)
  5 harpies
  3 wizards
  A spectral wolf spider (Spider:4)
  A phantasmal warrior (Crypt:2)
  2 lindwurms
  7 deep elf pyromancers
  6 necromancers
  3 ironbound convokers
  A faun (Shoals:3)
  A human zombie (Vaults:2)
  5 moths of wrath
  4 wolf spiders
  2 orc sorcerers (Orc:2)
  4 ugly things
  A salamander (shapeshifter) (Elf:2)
  4 manticores
  3 cyclopes
  An elephant (Lair:2)
  2 vault sentinels
  2 apocalypse crabs (Shoals:1)
  A merfolk siren (Shoals:2)
  2 torpor snails
  2 demonic crawlers
  A molten gargoyle (D:13)
  2 smoke demons
  A centaur skeleton (Crypt:3)
  2 cane toads
  2 hellions
  2 freezing wraiths
  2 yaktaurs (Vaults:3)
  A spectral redback (Spider:4)
  An efreet (Abyss:5)
  3 komodo dragons
  A tormentor (Zot:2)
  An anaconda simulacrum (IceCv)
  2 human skeletons
  2 trolls
  A meliai (Lair:2)
  A harpy zombie (Crypt:3)
  5 merfolk
  A spectral tarantella (Spider:4)
  A hydra skeleton (Crypt:3)
  A polar bear (Lair:5)
  A harpy skeleton (Crypt:2)
  2 spectral jumping spiders (Spider:4)
  2 tarantellas
  4 dream sheep
  3 snapping turtles
  6 slime creatures
  2 flying skulls
  A slime creature (shapeshifter) (Zig:6)
  A jumping spider (Spider:4)
  An ettin skeleton (Crypt:3)
  5 shadows
  A wraith (Crypt:1)
  A dire elephant simulacrum (Shoals:1)
  A culicivora (Spider:4)
  A fire elemental (D:12)
  A fire bat (Abyss:5)
  4 starcursed masses
  5 water elementals
  13 yaks
  2 large abominations (Abyss:5)
  3 chaos spawn
  7 redbacks
  2 wargs
  2 harpy simulacra
  A water moccasin (D:8)
  7 orc warriors
  A lindwurm zombie (Crypt:2)
  An alligator simulacrum (IceCv)
  2 ogres
  2 centaurs
  A vine stalker zombie (Crypt:1)
  A gnoll sergeant (Orc:1)
  A deep troll simulacrum (Shoals:1)
  2 necrophages (Crypt:3)
  An earth elemental (Elf:2)
  A wight (D:10)
  2 troll zombies (D:10)
  A killer bee (Lair:2)
  2 howler monkeys (D:9)
  A crimson imp (Gauntlet)
  A quasit (Abyss:3)
  6 orc priests
  19 orc wizards
  5 ogre zombies (D:10)
  6 gnolls
  An ufetubus (D:6)
  21 orcs
  A hobgoblin (Bailey)
  2 kobolds (D:6)
  A frilled lizard (Sewer)
  5 goblins
  2 goblin zombies (D:10)
  A hobgoblin zombie (D:10)
  An orc skeleton (D:10)
  2 orc zombies (D:10)
  A starspawn tentacle (Abyss:3)
441 creatures vanquished.

Vanquished Creatures (others)
  A deep elf blademaster (Elf:3)
  A draconian scorcher (Zot:4)
  An ironbound thunderhulk (Vaults:2)
  A stone giant (Depths:4)
  A deep elf annihilator (Elf:3)
  A yaktaur captain (Vaults:2)
  2 centaur warriors
  An alligator snapping turtle (Shoals:4)
  A satyr (Shoals:4)
  A deep troll shaman (Depths:2)
  A deep elf knight (Elf:2)
  4 deep elf archers
  A harpy (Shoals:4)
  A fire giant zombie (Vaults:2)
  A faun (Shoals:4)
  A manticore (Shoals:4)
  A vault sentinel (Vaults:3)
  A yaktaur (Vaults:3)
  A merfolk (Shoals:4)
  A spriggan zombie (Depths:4)
  7 slime creatures
  An air elemental (D:12)
  A shadow (D:13)
  A water elemental (D:12)
  A deep troll zombie (Vaults:4)
  2 orc wizards
  54 knights
  A white imp (Gauntlet)
  An orc (Orc:2)
  A kobold (D:12)
  13 starspawn tentacles
107 creatures vanquished.

Grand Total: 2443 creatures vanquished

Notes
Turn   | Place    | Note
-------+----------+-------------------------------------------
     0 | D:1      | freelancePsychic the Minotaur Hunter began the quest for
                  | the Orb.
     0 | D:1      | Reached XP level 1. HP: 18/18 MP: 0/0
    50 | D:1      | Reached skill level 1 in Stealth
    65 | D:1      | Reached XP level 2. HP: 25/25 MP: 1/1
   387 | D:1      | Found a faded altar of an unknown god.
   560 | D:2      | Reached XP level 3. HP: 31/31 MP: 2/2
   562 | D:2      | Reached skill level 5 in Ranged Weapons
   607 | D:2      | Gained mutation: Your spells are a little harder to cast,
                  | but a little more powerful. [potion of mutation]
   607 | D:2      | Gained mutation: Your system is resistant to poisons.
                  | (rPois) [potion of mutation]
   610 | D:2      | HP: 1/31 [adder (3)]
  1116 | D:3      | Reached XP level 4. HP: 33/38 MP: 3/3
  1516 | D:3      | Found a hazy altar of Hepliaklqana.
  1545 | D:3      | Found a glowing silver altar of Zin.
  1562 | D:3      | Became a worshipper of Hepliaklqana the Forgotten
  1957 | D:4      | Reached XP level 5. HP: 17/46 MP: 4/4
  2052 | D:4      | Reached skill level 6 in Ranged Weapons
  2300 | D:4      | Reached XP level 6. HP: 19/52 MP: 5/5
  2608 | D:4      | Reached skill level 7 in Ranged Weapons
  3101 | D:5      | Entered Level 5 of the Dungeon
  3134 | D:5      | Reached skill level 5 in Fighting
  3134 | D:5      | Reached XP level 7. HP: 31/61 MP: 6/6
  3237 | D:5      | Found a staircase to the Ecumenical Temple.
  3273 | D:5      | Noticed Sigmund
  3276 | D:5      | Killed Sigmund
  3294 | D:5      | Reached skill level 8 in Ranged Weapons
  3347 | D:5      | Found a glowing drain.
  3408 | Sewer    | Entered a sewer
  3408 | Sewer    | Reached * piety under Hepliaklqana
  3484 | Sewer    | Noticed Pargi
  3496 | Sewer    | Killed Pargi
  3665 | D:5      | Reached XP level 8. HP: 63/63 MP: 7/7
  3929 | D:5      | Found a sacrificial altar of Ru.
  4321 | D:6      | Reached skill level 9 in Ranged Weapons
  4794 | D:7      | Identified a scroll of acquirement
  4794 | D:7      | Acquired 1292 gold pieces
  4961 | D:7      | Reached ** piety under Hepliaklqana
  4962 | D:7      | Remembered your ancestor Bessie as a knight
  5002 | D:7      | Reached skill level 10 in Ranged Weapons
  5383 | D:7      | Identified the +8 flail of Subterfuge {freeze, rF++ Will-
                  | rCorr}
  5540 | D:7      | Reached XP level 9. HP: 60/71 MP: 8/8
  6193 | D:8      | Reached skill level 1 in Invocations
  6206 | D:8      | Found a radiant altar of Vehumet.
  6216 | D:8      | Got Vehumet's Quarto of Blasting
  6222 | D:8      | Found an ancient bone altar of Kikubaaqudgha.
  6239 | D:8      | Found a shimmering blue altar of Sif Muna.
  6290 | D:8      | Reached skill level 11 in Ranged Weapons
  6313 | D:8      | Found a staircase to the Lair.
  6878 | D:9      | Reached *** piety under Hepliaklqana
  6879 | D:9      | Noticed a manticore
  6891 | D:9      | Killed a manticore
  6892 | D:9      | Reached skill level 12 in Ranged Weapons
  6892 | D:9      | Reached XP level 10. HP: 58/81 MP: 11/11
  7052 | D:9      | Identified the +10 flail of the Pit {heavy, Str+3}
  7593 | D:9      | Noticed Erolcha
  7655 | D:9      | Killed Erolcha
  7656 | D:9      | Reached skill level 13 in Ranged Weapons
  7874 | D:10     | Entered Level 10 of the Dungeon
  7882 | D:10     | Found a staircase to the Orcish Mines.
  7882 | D:10     | Noticed a gargoyle
  7922 | D:10     | Found an opulent altar of Gozag.
  7922 | D:10     | Found a blossoming altar of Fedhas.
  7926 | D:10     | Found a basalt altar of Yredelemnul.
  7944 | D:10     | Reached skill level 5 in Invocations
  7971 | D:10     | Reached skill level 10 in Fighting
  8033 | D:10     | Killed a gargoyle
  8067 | D:10     | Found a flagged portal.
  8081 | Bailey   | Entered a bailey
  8444 | Bailey   | Noticed an orc warlord
  8448 | Bailey   | Reached XP level 11. HP: 90/90 MP: 14/14
  8449 | Bailey   | Killed an orc warlord
  8450 | Bailey   | Reached skill level 14 in Ranged Weapons
  8525 | Bailey   | Acquired the ring "Geymojen" {rElec Str+6}
  9035 | D:11     | Noticed a deep elf pyromancer
  9102 | D:11     | Killed a deep elf pyromancer
  9516 | D:11     | Reached **** piety under Hepliaklqana
  9543 | D:11     | Noticed a two-headed ogre
  9556 | D:11     | Killed a two-headed ogre
  9574 | D:11     | Reached skill level 15 in Ranged Weapons
  9761 | D:11     | Noticed a two-headed ogre
  9771 | D:11     | Killed a two-headed ogre
 10196 | D:12     | Noticed a purple ugly thing
 10206 | D:12     | Killed a purple ugly thing
 10276 | D:12     | Noticed a brown ugly thing
 10289 | D:12     | Killed a brown ugly thing
 10514 | D:12     | Reached XP level 12. HP: 93/100 MP: 16/16
 10851 | D:12     | Found a large runed translucent door.
 10851 | D:12     | Found a large runed translucent door.
 10944 | Orc:1    | Entered Level 1 of the Orcish Mines
 11343 | Orc:1    | Reached skill level 16 in Ranged Weapons
 11466 | Orc:2    | Entered Level 2 of the Orcish Mines
 11466 | Orc:2    | Found a staircase to the Elven Halls.
 11637 | Orc:2    | Reached skill level 5 in Dodging
 11717 | Orc:2    | Reached skill level 1 in Evocations
 11768 | Orc:2    | Noticed an orc high priest
 11782 | Orc:2    | Killed an orc high priest
 12009 | Orc:2    | Found Jauwnaob's Assorted Antiques.
 12009 | Orc:2    | Found Qussuy's Antique Weapon Boutique.
 12194 | Orc:2    | Found Tenel's Jewellery Shoppe.
 12194 | Orc:2    | Found Mofeci's Jewellery Boutique.
 12400 | Orc:2    | Bought a glowing arbalest for 187 gold pieces
 12413 | Orc:2    | Bought a scroll of enchant weapon for 255 gold pieces
 12446 | Orc:2    | Bought an amulet of regeneration for 480 gold pieces
 12528 | Lair:1   | Entered Level 1 of the Lair of Beasts
 12749 | Lair:1   | Reached ***** piety under Hepliaklqana
 12833 | Lair:1   | Reached XP level 13. HP: 109/111 MP: 18/18
 12840 | Lair:1   | Found an ancient bone altar of Kikubaaqudgha.
 13178 | Lair:2   | Found a hole to the Spider Nest.
 13344 | Lair:2   | Reached skill level 17 in Ranged Weapons
 14103 | Lair:2   | Reached skill level 15 in Fighting
 14120 | Lair:3   | Found a staircase to the Shoals.
 14163 | Lair:3   | Found a gate leading to a gauntlet.
 14173 | Gauntlet | Entered a Gauntlet
 14173 | Gauntlet | Found a large runed translucent door.
 14173 | Gauntlet | Found a large runed translucent door.
 14173 | Gauntlet | Found a large runed translucent door.
 14173 | Gauntlet | Found a large runed translucent door.
 14173 | Gauntlet | Found a large runed translucent door.
 14173 | Gauntlet | Found a large runed translucent door.
 14173 | Gauntlet | Found a runed translucent door.
 14173 | Gauntlet | Found a transporter.
 14173 | Gauntlet | Found a transporter.
 14173 | Gauntlet | Found a runed translucent door.
 14173 | Gauntlet | Found a large runed translucent door.
 14173 | Gauntlet | Found a large runed translucent door.
 14173 | Gauntlet | Found a large runed translucent door.
 14173 | Gauntlet | Found a large runed translucent door.
 14173 | Gauntlet | Found a large runed translucent door.
 14173 | Gauntlet | Found a large runed translucent door.
 14189 | Gauntlet | Found a transporter.
 14189 | Gauntlet | Found a transporter.
 14198 | Gauntlet | Found a transporter.
 14217 | Gauntlet | Found a transporter.
 14227 | Gauntlet | Found a transporter.
 14227 | Gauntlet | Found a transporter.
 14251 | Gauntlet | Found a transporter.
 14258 | Gauntlet | Found a transporter.
 14270 | Gauntlet | Found a transporter.
 14283 | Gauntlet | Found a large runed translucent door.
 14284 | Gauntlet | Found a large runed translucent door.
 14286 | Gauntlet | Found a runed translucent gate.
 14287 | Gauntlet | Found a runed translucent gate.
 14288 | Gauntlet | Found a transporter.
 14288 | Gauntlet | Found a runed translucent gate.
 14306 | Gauntlet | Found a large runed translucent door.
 14307 | Gauntlet | Found a large runed translucent door.
 14334 | Gauntlet | Found a transporter.
 14348 | Gauntlet | Found a transporter.
 14449 | Gauntlet | Found a transporter.
 14474 | Gauntlet | Found a transporter.
 14561 | Gauntlet | Reached skill level 18 in Ranged Weapons
 14571 | Gauntlet | Identified the +8 spear "Hiol" {drain, Fragile Dex+4}
 14623 | Gauntlet | Identified the +0 hat "Eprun" {-Tele rC+ Regen+ SInv}
 14629 | Gauntlet | Acquired 754 gold pieces
 14707 | Gauntlet | Identified the +0 pair of gloves "Rylef" {+Inv rC+ rCorr}
 14768 | Gauntlet | Found the +2 pair of slick slippers {slick, slippery, EV+4}
 14768 | Gauntlet | Identified the +10 lajatang "Cigyx" {flame, Contam *Noise
                  | rF+++ rN++}
 14768 | Gauntlet | Noticed a minotaur
 14777 | Gauntlet | Killed a minotaur
 14942 | Lair:3   | Reached XP level 14. HP: 121/121 MP: 19/19
 15122 | Lair:3   | Reached skill level 10 in Dodging
 15557 | Lair:4   | Found a viscous altar of Jiyva.
 15572 | Lair:4   | Found a staircase to the Slime Pits.
 15838 | Lair:4   | Reached skill level 5 in Evocations
 16048 | Lair:5   | Entered Level 5 of the Lair of Beasts
 17321 | D:13     | Noticed Azrael
 17367 | D:12     | Reached XP level 15. HP: 93/129 MP: 20/20
 17402 | D:13     | Reached skill level 1 in Armour
 17405 | D:13     | Killed Azrael
 17780 | D:13     | Found a gate to the Vaults.
 17804 | D:13     | Identified the +11 chain mail of Uskayaw's Esteem {rPois
                  | Dex+6}
 17877 | D:13     | Found Bialovesa's Assorted Antiques.
 17883 | D:13     | Bought a scroll of teleportation for 84 gold pieces
 17883 | D:13     | Bought a potion of curing for 84 gold pieces
 17984 | D:13     | Identified the +9 war axe of Moderation {holy, rF++ rC+
                  | rCorr Dex-5}
 18293 | D:14     | Reached skill level 5 in Armour
 18638 | D:14     | Reached ****** piety under Hepliaklqana
 18987 | D:15     | Entered Level 15 of the Dungeon
 19209 | D:15     | Noticed Jorgrun
 19231 | D:14     | Killed Jorgrun
 19384 | D:15     | Found a staircase to the Depths.
 19410 | D:15     | Found a broken altar of Ashenzari.
 19616 | D:15     | Found Atonekhlo's Antique Armour Emporium.
 19646 | D:15     | Bought a runed cloak for 210 gold pieces
 19651 | D:15     | Bought a smoking ring mail for 252 gold pieces
 19651 | D:15     | Identified the +4 ring mail "Hoblin Vaor" {rF++ rN+} (You
                  | bought it in a shop on level 15 of the Dungeon)
 19866 | Spider:1 | Entered Level 1 of the Spider Nest
 19933 | Spider:1 | Found a runed translucent door.
 19988 | Spider:1 | Reached XP level 16. HP: 142/142 MP: 21/21
 20025 | Spider:1 | Noticed Aizul
 20038 | Spider:1 | Killed Aizul
 20088 | Spider:1 | You fall into a shaft and drop 1 floor!
 20318 | Spider:2 | Reached skill level 10 in Armour
 20570 | Spider:2 | Noticed Agnes
 20575 | Spider:2 | Killed Agnes
 20968 | Spider:2 | Identified the +0 kite shield of the Lizard {*Corrode +Inv
                  | Slay+3}
 20968 | Spider:2 | Noticed Asterion
 20974 | Spider:2 | Killed Asterion
 21062 | Spider:2 | Noticed Arachne
 21082 | Spider:2 | Killed Arachne
 22104 | Spider:3 | Reached skill level 15 in Dodging
 23322 | Shoals:1 | Entered Level 1 of the Shoals
 23389 | Shoals:1 | Found a frozen archway.
 23413 | Shoals:1 | Reached XP level 17. HP: 119/153 MP: 22/22
 23418 | IceCv    | Entered an ice cave
 23468 | IceCv    | Found a transporter.
 23479 | IceCv    | Found a transporter.
 23559 | IceCv    | Identified the ring "Mutrifez" {Fire Str+6 Dex+3}
 23720 | Shoals:1 | Reached skill level 10 in Evocations
 23720 | Shoals:1 | Found a runed translucent door.
 24014 | Shoals:1 | Found a corrupted altar of Lugonu.
 24017 | Shoals:1 | Found a one-way gate to the infinite horrors of the Abyss.
 24029 | Shoals:1 | Gained mutation: You occasionally lose the ability to read
                  | scrolls when taking damage. [a neqoxec]
 24030 | Shoals:1 | Gained mutation: You occasionally shout uncontrollably at
                  | your foes. [a neqoxec]
 24031 | Shoals:1 | Gained mutation: Your natural rate of healing is unusually
                  | fast. [a neqoxec]
 24069 | Shoals:1 | Identified the amulet of Sellog {Acrobat Str+4}
 24390 | Shoals:2 | Found a shimmering altar of Xom.
 24778 | Shoals:3 | Found Nypnilips's Jewellery Emporium.
 25096 | Shoals:3 | Found Luemnuy's Distillery.
 25111 | Shoals:3 | Bought 2 potions of cancellation for 176 gold pieces
 25111 | Shoals:3 | Bought a potion of haste for 110 gold pieces
 25111 | Shoals:3 | Bought a potion of haste for 110 gold pieces
 25111 | Shoals:3 | Bought a potion of curing for 33 gold pieces
 25155 | Shoals:3 | Found Ystrafimn's Armour Emporium.
 25217 | Shoals:4 | Entered Level 4 of the Shoals
 25311 | Shoals:4 | Reached XP level 18. HP: 102/160 MP: 20/23
 25313 | Shoals:4 | Paralysed by a sphinx for 2 turns
 25476 | Shoals:4 | Got a barnacled rune of Zot
 25511 | Shoals:4 | Identified the +5 scimitar of Moral Flaws {drain, rPois
                  | rN+}
 25644 | Shoals:4 | Lost mutation: You occasionally shout uncontrollably at
                  | your foes. [potion of mutation]
 25644 | Shoals:4 | Lost mutation: Your spells are a little harder to cast, but
                  | a little more powerful. [potion of mutation]
 25644 | Shoals:4 | Gained mutation: You are clumsy. (Dex -2) [potion of
                  | mutation]
 25644 | Shoals:4 | Gained mutation: You are frail. (-10% HP) [potion of
                  | mutation]
 25644 | Shoals:4 | Gained mutation: Your spells are a little harder to cast,
                  | but a little more powerful. [potion of mutation]
 25644 | Shoals:4 | Lost mutation: You are clumsy. (Dex -2) [potion of
                  | mutation]
 25645 | Shoals:4 | Lost mutation: Your system is resistant to poisons. (rPois)
                  | [potion of mutation]
 25645 | Shoals:4 | Lost mutation: Your natural rate of healing is unusually
                  | fast. [potion of mutation]
 25645 | Shoals:4 | Lost mutation: Your spells are a little harder to cast, but
                  | a little more powerful. [potion of mutation]
 25645 | Shoals:4 | Gained mutation: You have sharp toenails. [potion of
                  | mutation]
 25645 | Shoals:4 | Gained mutation: You possess an exceptional clarity of
                  | mind. [potion of mutation]
 25646 | Shoals:4 | Lost mutation: You have sharp toenails. [potion of
                  | mutation]
 25646 | Shoals:4 | Lost mutation: You possess an exceptional clarity of mind.
                  | [potion of mutation]
 25646 | Shoals:4 | Lost mutation: You occasionally lose the ability to read
                  | scrolls when taking damage. [potion of mutation]
 25646 | Shoals:4 | Gained mutation: Your system is resistant to poisons.
                  | (rPois) [potion of mutation]
 25646 | Shoals:4 | Gained mutation: Your flesh is cold resistant. (rC+)
                  | [potion of mutation]
 25647 | Shoals:4 | Lost mutation: You are frail. (-10% HP) [potion of
                  | mutation]
 25647 | Shoals:4 | Lost mutation: Your system is resistant to poisons. (rPois)
                  | [potion of mutation]
 25647 | Shoals:4 | Gained mutation: You are weak. (Str -2) [potion of
                  | mutation]
 25819 | Spider:4 | Entered Level 4 of the Spider Nest
 25831 | Spider:4 | Paralysed by a jorogumo for 2 turns
 26099 | Spider:4 | Noticed Louise
 26408 | Spider:4 | Killed Louise
 27241 | Spider:4 | Got a gossamer rune of Zot
 27532 | Elf:1    | Entered Level 1 of the Elven Halls
 27708 | Elf:1    | Got the Handbook of Trauma
 27844 | Elf:1    | Reached XP level 19. HP: 166/166 MP: 24/24
 28130 | Elf:1    | Identified Roxanne's Elucidation of Changes
 28130 | Elf:1    | Noticed Roxanne
 28390 | Elf:2    | Reached skill level 15 in Evocations
 28506 | Elf:2    | Identified the +5 hand axe of Jelohadd {flame, Int+2 Dex+5}
 28785 | Elf:2    | Found a runed translucent gate.
 28786 | Elf:2    | Found a runed translucent gate.
 28786 | Elf:2    | Found a runed translucent gate.
 28938 | Elf:3    | Entered Level 3 of the Elven Halls
 28938 | Elf:3    | Noticed Nikola
 28945 | Elf:3    | Killed Nikola
 28969 | Elf:3    | Reached skill level 10 in Invocations
 28993 | Elf:3    | Found Toikuv's Neck Hole.
 29593 | Elf:3    | Reached skill level 5 in Stealth
 29795 | Elf:3    | Identified the +4 great sword of Tension {heavy, rPois
                  | Will+}
 29849 | Elf:3    | Identified the +5 great sword of Apsepp {drain, Will+
                  | Str+6}
 29943 | Elf:3    | Got the Enchiridion on Hyperborean Incandescence
 29946 | Elf:3    | Identified the +2 chain mail of the Hidden Vale {Slay+2
                  | Stlth+}
 29957 | Elf:3    | Identified the +5 ring mail of Amorality {Int+3 Stlth+}
 29999 | Elf:3    | Identified the +0 ring mail "Gocwayre" {Harm *Slow rElec
                  | Str+6}
 30000 | Elf:3    | Identified the staff of conjuration "Usany" {rF+++ Dex-5}
 30041 | Elf:3    | Identified the +1 buckler "Rinemnan" {rN++ Int+2}
 30056 | Elf:3    | Got Funk's Treatise on Adjuration and Jinxing
 30396 | Vaults:1 | Entered Level 1 of the Vaults
 30882 | Vaults:1 | You fall into a shaft and drop 1 floor!
 30919 | Vaults:2 | Noticed Bai Suzhen
 31128 | Vaults:1 | Reached XP level 20. HP: 174/174 MP: 28/28
 31376 | Vaults:1 | Noticed Zenata
 31590 | Vaults:1 | Killed Zenata
 32099 | Vaults:2 | Found a runed translucent gate.
 32099 | Vaults:2 | Found a runed translucent gate.
 32099 | Vaults:2 | Found a runed translucent gate.
 32101 | Vaults:2 | Noticed Pail's ghost (adept VSVM)
 32462 | Vaults:2 | Noticed Mara
 32470 | Vaults:2 | Noticed freelancePsychic's illusion
 32506 | Vaults:2 | Noticed Frederick
 32847 | Vaults:2 | Killed Bai Suzhen
 32973 | Vaults:2 | Found Raczugru's Weapon Emporium.
 33419 | Vaults:2 | Found an iron altar of Okawaru.
 33492 | Vaults:2 | Noticed freelancePsychic's illusion
 33499 | Vaults:2 | Noticed freelancePsychic's illusion
 33502 | Vaults:2 | Killed Mara
 33708 | Vaults:2 | Killed Frederick
 33890 | Vaults:3 | Found Xayho's Antique Weapon Emporium.
 34144 | Vaults:3 | Reached XP level 21. HP: 181/181 MP: 29/29
 34293 | Vaults:3 | Got Sif Muna's Incunable of the Calid Band
 34649 | Vaults:3 | Reached skill level 19 in Ranged Weapons
 34703 | Vaults:3 | Found a portal to a secret trove of treasure.
 34844 | Vaults:3 | Found a staircase to the Crypt.
 34844 | Vaults:3 | Found an ancient bone altar of Kikubaaqudgha.
 34846 | Vaults:3 | Found a basalt altar of Yredelemnul.
 36399 | Vaults:4 | Reached skill level 20 in Ranged Weapons
 36680 | Vaults:4 | Found Duloun's Assorted Antiques.
 37128 | Depths:1 | Entered Level 1 of the Depths
 37304 | Depths:1 | Found a runed translucent door.
 37372 | Depths:1 | Noticed Kabe's ghost (veteran BaIE)
 37413 | Depths:1 | Reached XP level 22. HP: 179/192 MP: 30/30
 37433 | Depths:1 | Found a shimmering blue altar of Sif Muna.
 37697 | Depths:1 | Found a gateway to Hell.
 38060 | Depths:1 | Found Ypusomig's Jewellery Boutique.
 38061 | Depths:1 | Found Kuonweag's Book Emporium.
 38062 | Depths:1 | Found Uvauwae's Jewellery Boutique.
 38169 | Depths:1 | Killed Kabe's ghost
 38177 | Depths:1 | Got the Spellbook of Power
 38181 | Depths:1 | Identified the amulet of Kengoj {Reflect *Corrode Dex+6
                  | SH+5}
 38263 | Depths:2 | Reached skill level 21 in Ranged Weapons
 38437 | Depths:2 | Identified the +0 dagger of the Vendetta {venom, MP+9
                  | Str+3}
 38506 | Depths:2 | Found a runed translucent gate.
 38506 | Depths:2 | Found a runed translucent gate.
 38506 | Depths:2 | Found a runed translucent gate.
 38508 | Depths:2 | Noticed Strat's ghost (adept MiMo)
 38910 | Depths:2 | Found a one-way gate leading to the halls of Pandemonium.
 39843 | Depths:3 | Noticed Mennas
 39891 | Depths:3 | Identified the +10 great sword of the Beginning {heavy, rN+
                  | Str+3 Dex-3}
 40077 | Depths:4 | Entered Level 4 of the Depths
 40164 | Depths:4 | Noticed a juggernaut
 40170 | Depths:4 | Reached skill level 22 in Ranged Weapons
 40170 | Depths:4 | Killed a juggernaut
 40305 | Depths:4 | Found a one-way gateway to a ziggurat.
 40630 | Depths:4 | Found a gate to the Realm of Zot.
 40690 | Depths:4 | Found an ornate altar of the Wu Jian Council.
 40787 | Depths:4 | Reached XP level 23. HP: 143/202 MP: 31/31
 41252 | Depths:4 | Noticed a juggernaut
 41258 | Depths:4 | Killed a juggernaut
 41518 | Depths:3 | Voluntarily entered the Abyss.
 41518 | Abyss:1  | Found a corrupted altar of Lugonu.
 41629 | Abyss:2  | Found a corrupted altar of Lugonu.
 41835 | Depths:3 | Escaped the Abyss
 41837 | Depths:3 | Voluntarily entered the Abyss.
 41866 | Abyss:3  | Found a corrupted altar of Lugonu.
 41900 | Abyss:3  | Reached skill level 23 in Ranged Weapons
 42110 | Depths:3 | Escaped the Abyss
 42112 | Depths:3 | Voluntarily entered the Abyss.
 42156 | Abyss:3  | Found a corrupted altar of Lugonu.
 42162 | Abyss:3  | Found a corrupted altar of Lugonu.
 42288 | Abyss:5  | Got an abyssal rune of Zot
 42375 | Abyss:5  | Found a corrupted altar of Lugonu.
 42476 | Depths:3 | Escaped the Abyss
 42547 | Zig:1    | Entered Level 1 of a ziggurat
 42584 | Zig:2    | Entered Level 2 of a ziggurat
 42608 | Zig:3    | Entered Level 3 of a ziggurat
 42609 | Zig:3    | Noticed a caustic shrike
 42622 | Zig:3    | Killed a caustic shrike
 42738 | Zig:4    | Entered Level 4 of a ziggurat
 42739 | Zig:4    | Found the macabre finger necklace {Finger+ rN+}
 42776 | Zig:5    | Entered Level 5 of a ziggurat
 42875 | Zig:6    | Entered Level 6 of a ziggurat
 42939 | Zig:6    | Identified the +10 halberd of Revolt {spect, rF+ rC+ rCorr
                  | Str+3}
 42949 | Zig:7    | Entered Level 7 of a ziggurat
 42956 | Zig:7    | Found the ring of Shadows {Umbra +Inv Stlth+}
 42958 | Zig:7    | Noticed Tyodocom the pandemonium lord
 42971 | Zig:7    | Killed Tyodocom the pandemonium lord
 42986 | Zig:7    | Identified the +3 dagger of the Gloaming {antimagic, Str+4}
 43346 | Crypt:1  | Entered Level 1 of the Crypt
 43349 | Crypt:1  | Reached skill level 24 in Ranged Weapons
 43721 | Crypt:1  | Noticed Saint Roka
 43737 | Crypt:1  | Killed Saint Roka
 44567 | Crypt:2  | Reached XP level 24. HP: 214/214 MP: 31/31
 45019 | Crypt:3  | Entered Level 3 of the Crypt
 45185 | Crypt:3  | Reached skill level 25 in Ranged Weapons
 45253 | Crypt:3  | Noticed an ancient lich
 45257 | Crypt:3  | Killed an ancient lich
 45378 | Crypt:3  | Found a staircase to the Tomb.
 45544 | Crypt:3  | Noticed a dread lich
 45545 | Crypt:3  | Paralysed by a dread lich for 3 turns
 45550 | Crypt:3  | Killed a dread lich
 45646 | Crypt:3  | Found the +9 sword of Power {lifebolt}
 45662 | Crypt:3  | Identified the +5 leather armour of Viotim Rabun {Will-
                  | Dex+5 Stlth+}
 45664 | Crypt:3  | Identified the +1 whip "Gulineh" {heavy, Fragile rElec rN+}
 45665 | Crypt:3  | Identified the +4 shortbow "Rilohoir" {flame, Int+4}
 45666 | Crypt:3  | Identified the ring "Qoloycurch" {+Blink rCorr Str+5}
 45686 | Crypt:3  | Identified the +9 dagger of the Charmed God {holy, *Slow
                  | rC+ Will+}
 46041 | Crypt:3  | Identified the +0 scale mail "Dowk" {Will+}
 46380 | Crypt:3  | Reached skill level 26 in Ranged Weapons
 46738 | Zot:1    | Entered Level 1 of the Realm of Zot
 47528 | Zot:3    | Noticed Grunn
 47796 | Zot:3    | Killed Grunn
 48055 | Zot:3    | Noticed an orb of fire
 48060 | Zot:3    | Noticed a Killer Klown
 48061 | Zot:3    | Gained mutation: You are vulnerable to heat. (rF-) [an orb
                  | of fire]
 48063 | Zot:3    | Gained mutation: You occasionally lose the ability to read
                  | scrolls when taking damage. [an orb of fire]
 48067 | Zot:3    | Gained mutation: You occasionally lose the ability to drink
                  | potions when taking damage. [an orb of fire]
 48071 | Zot:3    | Killed an orb of fire
 48112 | Zot:3    | Lost mutation: Your flesh is cold resistant. (rC+) [potion
                  | of mutation]
 48112 | Zot:3    | Lost mutation: You are weak. (Str -2) [potion of mutation]
 48112 | Zot:3    | Lost mutation: You occasionally lose the ability to drink
                  | potions when taking damage. [potion of mutation]
 48112 | Zot:3    | Gained mutation: You have a pair of large horns on your
                  | head. [potion of mutation]
 48113 | Zot:3    | Lost mutation: You are vulnerable to heat. (rF-) [potion of
                  | mutation]
 48113 | Zot:3    | Lost mutation: You have a pair of large horns on your head.
                  | [potion of mutation]
 48113 | Zot:3    | Lost mutation: You occasionally lose the ability to read
                  | scrolls when taking damage. [potion of mutation]
 48113 | Zot:3    | Gained mutation: You are agile. (Dex +4, Str/Int -1)
                  | [potion of mutation]
 48113 | Zot:3    | Gained mutation: You are vulnerable to cold. (rC-) [potion
                  | of mutation]
 48309 | Zot:3    | Reached XP level 25. HP: 221/221 MP: 31/31
 48337 | Zot:3    | Killed a Killer Klown
 49052 | Zot:5    | Entered Level 5 of the Realm of Zot
 49581 | Zot:5    | Noticed a Killer Klown
 49595 | Zot:5    | Noticed an orb of fire
 49602 | Zot:5    | Noticed a Killer Klown
 49604 | Zot:5    | Killed an orb of fire
 49608 | Zot:5    | Noticed an orb of fire
 49611 | Zot:5    | Gained mutation: Your magical capacity is low. (-10% MP)
                  | [an orb of fire]
 49612 | Zot:5    | Gained mutation: Armour fits poorly on your strangely
                  | shaped body. [an orb of fire]
 49613 | Zot:5    | Killed a Killer Klown
 49626 | Zot:5    | Killed an orb of fire
 49650 | Zot:5    | Killed a Killer Klown
 49731 | Zot:5    | Lost mutation: Armour fits poorly on your strangely shaped
                  | body. [potion of mutation]
 49731 | Zot:5    | Lost mutation: Your magical capacity is low. (-10% MP)
                  | [potion of mutation]
 49731 | Zot:5    | Lost mutation: You are vulnerable to cold. (rC-) [potion of
                  | mutation]
 49731 | Zot:5    | Gained mutation: Your magical capacity is low. (-10% MP)
                  | [potion of mutation]
 49847 | Zot:5    | Noticed a Killer Klown
 49847 | Zot:5    | Noticed an orb of fire
 49860 | Zot:5    | Killed a Killer Klown
 49888 | Zot:5    | Noticed an orb of fire
 49889 | Zot:5    | Noticed an ancient lich
 49896 | Zot:5    | Gained mutation: You are frail. (-10% HP) [an orb of fire]
 49905 | Zot:5    | Killed an orb of fire
 49906 | Zot:5    | Gained mutation: You are dopey. (Int -2) [an orb of fire]
 49906 | Zot:5    | Killed from afar by an ancient lich

Illustrated notes

Levels and vault maps discovered:
D:1:      minmay_arrival_four_circles, layout_rooms,
          hellmonk_ecumenical_altar_blasted, chequers_jeans
D:2:      layout_rooms
D:3:      layout_basic, lemuel_tele_altar, zin_academy
D:4:      layout_loops_ring, minmay_bent
D:5:      layout_basic, mainiacjoe_overflow_cross_hatched,
          minmay_temple_entry_mist, portal_sewer_entry_a, uniq_sigmund
D:6:      layout_rooms
D:7:      layout_gridville, nicolae_elevator_lobby_asterisk
D:8:      layout_loops_ring, palyth_temple_overflow_mages,
          erik_lair_orcish_takeover, st_stairs_8
D:9:      layout_small_grid, nrook_loot_triangle, uniq_erolcha
D:10:     layout_rooms, grunt_temple_overflow_open, zombieorc2_lemuel,
          enter_bailey_4
D:11:     layout_irregular_city, minmay_orc_keep
D:12:     layout_basic, lightli_elemental_guards
D:13:     cheibrodos_statue_roulette, layout_cave_pools,
          grunt_vaults_entry_fortified, serial_shops, nicolae_diamond_shop,
          uniq_azrael
D:14:     layout_loops_cross, eino_curves_02
D:15:     hangedman_depths_entry_civil_slaughter, layout_basic,
          nicolae_ashenzari_panopticon, serial_shops, shop_statue, uniq_jorgrun
Lair:1:   layout_roguey, basic_altar, beast_lair_carwin_6
Lair:2:   layout_regular_city, hellmonk_spider_entry_not_the_bees,
          eino_small_chamber_without_monster, nicolae_lair_grazing_beasts
          [nicolae_sub_lair_graze_edge, nicolae_sub_lair_graze_edge,
          nicolae_sub_lair_graze_edge, nicolae_sub_lair_graze_edge],
          grunt_megastairs_2
Lair:3:   layout_gridlike, shoals_dummy_entry, gauntlet_entry_generic,
          st_stairs_3
Lair:4:   layout_misc_corridors, slime_entry_1, chequers_serial_rivers_marsh,
          minivault_19, minivault_27
Lair:5:   gammafunk_lair_ancient_temple, layout_misc_corridors
Shoals:1: layout_shoals, portal_ice_cave_entry_ice_simulacra,
          nicolae_shoals_abyss_on_the_beach
Shoals:2: layout_shoals, lemuel_centaur_altar
Shoals:3: layout_shoals, serial_shops, shop, nicolae_shop_hallway_plus, shop
Shoals:4: shoals_end_hellmonk_lost_city
Spider:1: cheibrodos_spider_deadly_dance, nicolae_spider_moth_buddies,
          uniq_aizul
Spider:2: layout_cave_pods, hangedman_spider_tarantella_strand, uniq_agnes,
          uniq_arachne, uniq_asterion
Spider:3: layout_chambers, nicolae_spider_circle_web, nicolae_spider_nook
Spider:4: floodkiller_spider_rune_tomb, nicolae_spider_rock_and_or_roll,
          uniq_louise
Orc:1:    layout_diamond_mine
Orc:2:    st_orc_town, layout_caves
Elf:1:    minmay_elf_arrival_circle, layout_rooms, minmay_elf_annihilation,
          uniq_roxanne
Elf:2:    elven_hall_of_blades_hangedman_original [nicolae_blade_tridents],
          layout_onion_city
Elf:3:    minmay_elf_hall_not_hex, layout_gridlike,
          nicolae_shop_sticking_my_neck_out, uniq_nikola
Vaults:1: nicolae_vaults_sightless_eye, nicolae_vaults_what_the_h,
          vaults_room_fancy_cross, v_alt_pattern_3,
          nicolae_vaults_double_plus_1, vaults_room_semicircle,
          vaults_room_stairs_pillars, layout_vaults_omnigrid, uniq_zenata
Vaults:2: gammafunk_ghost_fury_of_okawaru, nicolae_vaults_storage_room_doors,
          nicolae_vaults_prndl, vaults_dpeg_ring, v_misc_31,
          nicolae_vaults_wine_cellar, nicolae_vaults_angled_halls,
          hangedman_vaults_capsules, hangedman_vaults_maws,
          nicolae_vaults_sesquioval_fish, nicolae_vaults_border_crossing,
          nicolae_vaults_tetromino_L_1, layout_vaults_chaotic_city,
          serial_shops, nicolae_shop_real_fake_doors, uniq_frederick, uniq_mara,
          uniq_bai_suzhen
Vaults:3: v_pattern_2, nicolae_vaults_two_Ls, minmay_crypt_entry_necro_gods,
          nicolae_vaults_double_plus_1, ontoclasm_vaults_decontamination,
          v_misc_4, v_alt_pattern_2, v_misc_27,
          nicolae_vaults_closet_pinwheel_3,
          nicolae_vaults_offset_grid_hallway_3, vaults_dpeg_hooks,
          nicolae_vaults_diagonal_hallway_7, nicolae_vaults_house_2,
          ontoclasm_vaults_ligature, ontoclasm_vaults_pinch,
          nicolae_vaults_sesquioval_fish, layout_vaults_ring,
          nicolae_trove_entry_crystal, serial_shops, shop
Vaults:4: nicolae_vaults_three_branches, ontoclasm_vaults_misaligned,
          dpeg_vaults_monster_row, v_pattern_4, v_misc_4, st_spiral_rooms,
          nicolae_vaults_arrows, v_misc_28, ontoclasm_vaults_fault,
          nicolae_vaults_apartment_2, nicolae_vaults_double_plus_1,
          vaults_dpeg_doors, nicolae_vaults_tetromino_Z_2,
          layout_vaults_omnibox, serial_shops, nicolae_shop_dealshenge
Crypt:1:  minmay_shadows, layout_gridlike, uniq_saint_roka
Crypt:2:  layout_regular_city
Crypt:3:  due_elkab, layout_chaotic_city
Depths:1: layout_roguey, ebering_ghost_reflecting_pool,
          grunt_hell_entry_dis_grunt, nicolae_sif_muna_condensation,
          minmay_shop_grove
Depths:2: minmay_distorted_concentric_squares, layout_gridlike,
          minmay_misc_feat_alley, rand_demon_pan_entry_3,
          ebering_ghost_rock_garden, hell_entry
Depths:3: kennysheep_cluttered_fort, layout_cave_pools, abyss_entry_glasseish,
          hell_entry, uniq_mennas
Depths:4: grunt_zot_entry_hairpin, layout_honeycomb, enter_ziggurat_e,
          rand_demon_pan_entry_9, hell_entry, pdpol_wu_jian_five_deadly_venoms
Zot:1:    layout_gridlike
Zot:2:    layout_concentric_octagons, grunt_megastairs_1
Zot:3:    layout_misc_corridors, lemuel_elevator, grunt_megastairs_3, uniq_grunn
Zot:4:    gammafunk_sealed_arena, layout_misc_corridors, grunt_ministairs_6
Zot:5:    layout_concentric_octagons

Skill      XL: |  1  2  3  4  5  6  7  8  9 10 11 12 13 14 15 16 17 18 19 20 21 22 23 24 25 |
---------------+----------------------------------------------------------------------------+-----
Stealth        | 1 2 3 4 6 8 |  8.0
Fighting       | 3 4 5 6 7 9 10 12 14 15 17 18 19 20 21 22 24 | 24.6
Ranged Weapons | 5 6 7 8 10 12 13 15 16 18 20 22 24 26 | 26.0
Dodging        | 4 7 9 12 13 15 17 19 20 23 25 | 25.2
Invocations    | 3 5 7 8 12 13 | 13.1
Evocations     | 3 7 9 12 14 15 16 17 18 19 | 19.3
Armour         | 9 10 13 | 13.0

Action                     |  1- 3 |  4- 6 |  7- 9 | 10-12 | 13-15 | 16-18 | 19-21 | 22-24 | 25-27 || total
---------------------------+-------+-------+-------+-------+-------+-------+-------+-------+-------++-------
   Fire: Shortbow          |    98 |   141 |   348 |  1079 |       |       |       |       |       ||  1666
         Arbalest          |       |       |       |    39 |   893 |  1160 |  1367 |   889 |       ||  4348
         Triple crossbow   |       |       |       |       |       |       |       |   818 |   256 ||  1074
 Invoke: Ancestor Identity |       |       |     1 |       |       |       |       |       |       ||     1
         Ancestor Life: Kn |       |       |     1 |       |       |       |       |       |       ||     1
         Recall Ancestor   |       |       |       |     4 |     2 |     3 |     3 |    12 |     4 ||    28
         Transference      |       |       |       |     2 |     3 |       |       |     1 |       ||     6
         Idealise          |       |       |       |       |     5 |     4 |     3 |     8 |     5 ||    25
Ability: Evoke Invisibilit |       |       |       |       |     1 |     5 |     4 |     3 |       ||    13
  Evoke: Phial of floods   |       |       |       |     1 |     1 |     2 |     3 |     1 |       ||     8
         Wand              |       |       |       |     1 |       |     5 |     1 |     3 |       ||    10
         Box of beasts     |       |       |       |       |       |     2 |     3 |     1 |     2 ||     8
         Tin of tremorston |       |       |       |       |       |     3 |     6 |     7 |       ||    16
         Lightning rod     |       |       |       |       |       |       |     8 |       |       ||     8
    Use: Potion            |     1 |       |       |       |     5 |    12 |     6 |    19 |     8 ||    51
         Scroll            |       |     9 |     7 |    20 |     7 |     8 |    18 |    16 |     8 ||    93
 Armour: Leather armour    |     3 |    13 |    11 |       |       |       |       |       |       ||    27
         Steam dragon scal |       |       |     2 |    21 |    35 |       |       |       |       ||    58
         Troll leather arm |       |       |       |    36 |    24 |       |       |       |       ||    60
         Chain mail        |       |       |       |       |    31 |       |       |       |       ||    31
         Ring mail         |       |       |       |       |       |   168 |   114 |   140 |     3 ||   425
  Dodge: Dodged            |    13 |    44 |    50 |   170 |   390 |  1060 |   781 |   837 |    96 ||  3441
